 Dungeon Crawl Stone Soup version 0.32-a0-656-g3542139ebd (webtiles) character file.

Game seed: 11376986101872037904

4253 cforsyth the Scholar of Death (level 10, -1/94 HPs)
             Began as a Mountain Dwarf Necromancer on Mar 9, 2024.
             Was a Follower of Kikubaaqudgha.
             Slain by a yak (8 damage)
             ... on level 9 of the Dungeon.
             The game lasted 00:27:06 (12954 turns).

cforsyth the Scholar of Death (MDNe)               Turns: 12954, Time: 00:27:07

Health: -1/94      AC: 13    Str: 13    XL:     10   Next: 10%
Magic:  12/12      EV:  7    Int: 18    God:    Kikubaaqudgha [*.....]
Gold:   501        SH:  0    Dex: 10    Spells: 7/12 levels left

rFire   . . .        C - +4 hand axe (freeze)
rCold   . . .        (no shield)
rNeg    . . .        l - +0 chain mail
rPois   .            j - +0 helmet
rElec   .            (no cloak)
rCorr   .            (no gloves)
SInv    +            A - +2 pair of boots
Will    +....        n - amulet of magic regeneration Stlth
                     L - ring of flight
HPRegen 0.35/turn    v - ring of see invisible
MPRegen 0.53/turn

%: no passive effects
@: brilliant, flying
A: runic magic, artefact enchanting
a: Renounce Religion, Unearth Wretches


You were on level 9 of the Dungeon.
You worshipped Kikubaaqudgha.
Kikubaaqudgha was aware of your devotion.
You visited 2 branches of the dungeon, and saw 10 of its levels.
You also visited: Sewer.

You collected 501 gold pieces.


Innate Abilities, Weirdness & Mutations

Your spellcasting is much less encumbered by armour.
You can use scrolls of enchantment on lesser artefacts.


   Skills:
 + Level 10.3 Fighting
 + Level 4.7 Axes
 + Level 4.2 Armour
 - Level 1.3 Dodging
 - Level 1.4 Stealth
 - Level 1.7 Spellcasting
 + Level 11.3 Necromancy


You had 7 spell levels left.
You knew the following spells:

 Your Spells              Type           Power      Damage    Failure   Level
a - Animate Dead          Necr           59%        N/A       3%          4
X - Necrotise             Necr           100%       1d9       1%          1

Your spell library contained the following spells:

 Spells                   Type           Power      Damage    Failure   Level
 Sublimation of Blood     Necr           59%        N/A       1%          2
 Fugue of the Fallen      Necr           59%        N/A       1%          3
 Vampiric Draining        Necr           59%        2d10      1%          3
 Curse of Agony           Necr           59%        N/A       10%         5
 Cigotuvi's Dreadful Rot  Necr/Alch/Air  44%        N/A       12%         2
 Summon Small Mammal      Summ           8%         N/A       36%         1
 Call Canine Familiar     Summ           2%         N/A       75%         3
 Volatile Blastmotes      Fire/Tloc      4%         2d10      75%         3
 Fulminant Prism          Conj/Alch      1%         3d5       98%         4
 Iskenderun's Mystic Bla  Conj/Tloc      2%         2d3       98%         4
 Summon Blazeheart Golem  Fire/Summ      2%         N/A       98%         4

Inventory:

Hand Weapons
 d - a +2 spear of flaming
 e - a +0 mace
 B - a +0 war axe
 C - a +4 hand axe of freezing (weapon)
Armour
 j - a +0 helmet (worn)
 l - a +0 chain mail (worn)
 A - a +2 pair of boots (worn)
Jewellery
 n - an amulet of magic regeneration (around neck)
 v - a ring of see invisible (right hand)
 F - a ring of fire
 L - a ring of flight (left hand)
Wands
 o - a wand of polymorph (7)
Scrolls
 c - 2 scrolls of enchant weapon
 h - 2 scrolls of enchant armour
 k - a scroll of poison
 p - 3 scrolls of amnesia
 q - 2 scrolls of fog {unknown}
 x - a scroll of brand weapon
Potions
 b - a potion of magic
 f - a potion of resistance {unknown}
 g - a potion of attraction {unknown}
 i - 4 potions of curing {@q1}
 s - a potion of haste {unknown}
 u - 4 potions of mutation
 z - 2 potions of lignification

Dungeon Overview and Level Annotations

Branches:
Dungeon (9/15)             Temple (1/1) D:7           Sewer (visited)
   Lair: D:8-11         Orc: D:9-12

Altars:
Ashenzari
Cheibriados
Dithmenos
Elyvilon
Fedhas
Gozag
Hepliaklqana
Kikubaaqudgha
Makhleb
Nemelex Xobeh
Okawaru
Qazlal
Ru
Sif Muna
Trog
Uskayaw
Vehumet
Wu Jian
Xom
Yredelemnul
Zin
The Shining One

Shops:
D:3 [

Annotations:
D:2 1 runed translucent door, Crazy Yiuf
D:6 Jeremiah #### #####..# #...bbY## #...Y.bb###### ####...bbbbbYbbb# #.....######@bbb# #.....# #bbbb# .##..Y..# #bbbb# .....Y..# #bbbb# ........# #bbbb#

........# #..b.#
#.......###########
#.#####.......h.......
#. #(..........!...


You could see 3 yaks and a howler monkey.


Message History

Unknown command.
Unknown command.
Unknown command.
You slash the yak! You freeze the yak.
The yak is almost dead.
You hit the yak but do no damage. The yak gores you!
* * * LOW HITPOINT WARNING * * *
The yak gores you!
* * * LOW HITPOINT WARNING * * *
Unknown command.
Unknown command.
You feel much better. The yak gores you!
* * * LOW HITPOINT WARNING * * *
The yak gores you but does no damage.
Unknown command.
It was a potion of cancellation.
You feel magically purged. The yak barely misses you. The yak gores you!
* * * LOW HITPOINT WARNING * * *
Unknown command.
It was a potion of brilliance.
You feel clever all of a sudden.
The yak gores you but does no damage. x2
Unknown command.
Okay, then.
As you read the scroll of butterflies, it crumbles to dust.
You hear the flapping of tiny wings.
The yak is knocked back by the sudden gust. x3
The yak gores you!
You die...
Kikubaaqudgha rasps: You have failed me!
Welcome... death!

Skill      XL: |  1  2  3  4  5  6  7  8  9 |
---------------+----------------------------+-----
Fighting       | 1 2 3 4 5 7 9 10 | 10.3
Necromancy     | 5 6 7 8 10 11 | 11.3
Axes           | 4 |  4.7
Armour         | 4 |  4.2
Dodging        | |  1.3
Stealth        | |  1.4
Spellcasting   | |  1.7

Action                     |  1- 3 |  4- 6 |  7- 9 | 10-12 || total
---------------------------+-------+-------+-------+-------++-------
  Melee: Unarmed           |     5 |       |       |       ||     5
         Mace              |     8 |     7 |    28 |       ||    43
         Spear             |       |       |    41 |       ||    41
         Hand axe          |       |       |   113 |    15 ||   128
         War axe           |       |       |    42 |       ||    42
   Cast: Necrotise         |    83 |   134 |   278 |     8 ||   503
         Animate Dead      |       |       |     2 |       ||     2
  Evoke: Wand              |       |       |       |     2 ||     2
    Use: Scroll            |       |     7 |     8 |     6 ||    21
         Potion            |       |       |     4 |     6 ||    10
 Armour: Robe              |    12 |       |       |       ||    12
         Chain mail        |    15 |    81 |   541 |    47 ||   684
  Dodge: Dodged            |    20 |    20 |   168 |    17 ||   225

Levels and vault maps discovered:
D:1:      tarquinn_simple_flora_water_f, layout_basic,
          chequers_ecumenical_altar_grove
D:2:      layout_basic, basic_altar, uniq_crazy_yiuf_cottage
D:3:      layout_rooms, serial_shops, nicolae_shop_hallway_plus,
          minmay_stone_trees_medium, minmay_cut_off
D:4:      layout_loops_ring, grunt_temple_overflow_forces_of_nature,
          gup_sewer_entry_glass
D:5:      layout_basic, chequers_temple_overflow_minitemple,
          lemuel_zombie_altar_kikubaaqudgha
D:6:      layout_basic, grunt_temple_overflow_order_and_chaos_1,
          chequers_big_river, uniq_jeremiah
D:7:      layout_basic, nicolae_ashenzari_skybound, lemuel_temple_firewalk_a
D:8:      layout_loops_ring, uniq_prince_ribbit1
D:9:      layout_irregular_city, serial_co_window_serial,
          co_window_of_opportunity_a, co_window_paths_a,
          co_window_of_opportunity_a, co_window_paths_b, co_window_corner_a,
          co_window_corner_b, co_window_unsneaky_path_e, co_window_cross_4,
          co_window_broadway_b, co_window_paths_c, co_window_2corner,
          co_window_corner_ca, glass_columns_a, glass_columns_a,
          glass_columns_a, glass_columns_a, glass_columns_b,
          minmay_misc_feat_iff, kb_lookout_dungeons_type
Temple:   nicolae_temple_no_exploring_needed

Notes
Turn   | Place    | Note
-------+----------+-------------------------------------------
     0 | D:1      | cforsyth the Mountain Dwarf Necromancer began the quest for
                  | the Orb.
     0 | D:1      | Reached XP level 1. HP: 14/14 MP: 3/3
   120 | D:1      | Reached skill level 1 in Fighting
   190 | D:1      | Reached XP level 2. HP: 23/23 MP: 1/4
   594 | D:1      | Found a faded altar of an unknown god.
   911 | D:1      | Reached skill level 2 in Fighting
   911 | D:1      | Reached skill level 5 in Necromancy
   911 | D:1      | Reached XP level 3. HP: 29/29 MP: 0/5
  1440 | D:2      | Found a stormy altar of Qazlal.
  1872 | D:2      | Found a runed translucent door.
  1873 | D:2      | Noticed Crazy Yiuf
  2039 | D:3      | Reached XP level 4. HP: 36/37 MP: 4/6
  2143 | D:3      | Found Ocevuh's Armour Shop.
  2303 | D:3      | Reached skill level 3 in Fighting
  2447 | D:4      | Reached XP level 5. HP: 27/46 MP: 1/7
  2449 | D:4      | Found a glowing drain.
  2497 | Sewer    | Entered a sewer
  2524 | Sewer    | Reached skill level 6 in Necromancy
  2605 | Sewer    | Reached skill level 4 in Fighting
  2993 | Sewer    | Reached XP level 6. HP: 28/53 MP: 0/8
  3184 | D:4      | Reached skill level 5 in Fighting
  3261 | D:4      | Found a blossoming altar of Fedhas.
  3262 | D:4      | Found a stormy altar of Qazlal.
  3269 | D:4      | Reached skill level 7 in Necromancy
  3429 | D:4      | Reached XP level 7. HP: 57/61 MP: 4/9
  3958 | D:5      | Entered Level 5 of the Dungeon
  4010 | D:5      | Reached skill level 6 in Fighting
  4377 | D:5      | Reached skill level 8 in Necromancy
  4681 | D:5      | Reached skill level 7 in Fighting
  4722 | D:5      | Reached XP level 8. HP: 56/73 MP: 10/10
  5358 | D:5      | Found a burning altar of Makhleb.
  5358 | D:5      | Found a white marble altar of Elyvilon.
  5366 | D:5      | Found a hide-covered altar of Uskayaw.
  5368 | D:5      | Found a shimmering blue altar of Sif Muna.
  5370 | D:5      | Found a faded altar of an unknown god.
  5451 | D:5      | Found an ancient bone altar of Kikubaaqudgha.
  5703 | D:6      | Noticed Jeremiah
  5804 | D:5      | Learned a level 4 spell: Animate Dead
  6012 | D:5      | Became a worshipper of Kikubaaqudgha
  6078 | D:6      | Reached skill level 9 in Necromancy
  6090 | D:6      | Found a glowing silver altar of Zin.
  6091 | D:6      | Found a shimmering altar of Xom.
  6091 | D:6      | Noticed an angel
  6125 | D:6      | Reached skill level 8 in Fighting
  7368 | D:7      | Reached skill level 10 in Necromancy
  7661 | D:7      | Reached skill level 9 in Fighting
  7661 | D:7      | Reached XP level 9. HP: 36/83 MP: 11/11
  7964 | D:7      | Found a broken altar of Ashenzari.
  8321 | D:7      | Found a staircase to the Ecumenical Temple.
  8338 | Temple   | Entered the Ecumenical Temple
  8827 | D:8      | Noticed Prince Ribbit
  8861 | D:8      | Killed Prince Ribbit
  8862 | D:8      | Reached skill level 1 in Axes
  8862 | D:8      | Reached skill level 1 in Armour
  9146 | D:7      | HP: 3/84 [steam dragon (8)]
  9146 | D:7      | HP: 1/84 [steam dragon (2)]
  9149 | D:7      | Reached skill level 2 in Axes
  9372 | D:8      | Reached skill level 2 in Armour
 10109 | D:8      | Reached skill level 3 in Axes
 10119 | D:8      | Reached * piety under Kikubaaqudgha
 10119 | D:8      | Received a gift from Kikubaaqudgha
 10131 | D:8      | HP: 8/85 [poisoned by a killer bee]
 10497 | D:8      | You are sucked into a shaft and drop 1 floor!
 10743 | D:9      | Reached skill level 3 in Armour
 11089 | D:9      | Reached skill level 10 in Fighting
 11089 | D:9      | Reached skill level 11 in Necromancy
 11431 | D:9      | Reached skill level 4 in Axes
 12632 | D:9      | Reached skill level 4 in Armour
 12632 | D:9      | Reached XP level 10. HP: 90/93 MP: 12/12
 12720 | D:9      | HP: 9/93 [yak (5)]
 12938 | D:9      | Identified a scroll of acquirement
 12938 | D:9      | Acquired a +2 heavy broad axe
 12950 | D:9      | HP: 3/94 [yak (9)]
 12954 | D:9      | Slain by a yak

Vanquished Creatures
  Prince Ribbit (D:8)
  2 wyverns (D:9)
  2 yaks (D:9)
  2 steam dragons (D:7)
  An acid dragon (D:8)
  2 sky beasts (D:7)
  A black bear (D:5)
  3 ogres
  6 centaurs
  A kobold brigand (D:9)
  2 bullfrogs
  3 scorpions
  A gnoll sergeant (D:6)
  5 wights
  A burial acolyte (D:5)
  3 killer bees (D:8)
  3 howler monkeys (D:8)
  2 bombardier beetles
  4 orc priests
  4 hounds
  2 jellies
  2 sleepcaps
  7 orc wizards
  4 iguanas
  9 adders
  2 gnolls (D:6)
  2 white imps
  2 ufetubi (D:5)
  An adder zombie (D:5)
  2 ribbon worms
  11 dart slugs
  25 orcs
  4 bats
  8 endoplasms
  8 giant cockroaches
  8 goblins
  7 hobgoblins
  15 kobolds
  5 quokkas
  16 ball pythons
  13 frilled lizards
  3 jackal zombies (D:5)
  4 rats
209 creatures vanquished.

Vanquished Creatures (collateral kills)
  A bullfrog (Sewer)
  A gnoll (D:6)
  3 dart slugs (Sewer)
  An orc (D:7)
  2 endoplasms (Sewer)
  A giant cockroach (Sewer)
  A hobgoblin (D:2)
  2 ball pythons
  A frilled lizard (D:3)
  2 rats
15 creatures vanquished.

Vanquished Creatures (others)
  2 killer bee zombies (D:8)
2 creatures vanquished.

Grand Total: 226 creatures vanquished

Table legend: (Time is in decaauts)
 A = Elapsed time spent in this place.
 B = Non-inter-level travel time spent in this place.
 C = Inter-level travel time spent in this place.
 D = Time resting spent in this place.
 E = Time spent auto-exploring this place.
 F = Levels seen in this place.
 G = Mean time per level.
                   A        B        C        D        E       F      G
               +--------+--------+--------+--------+--------+-----+--------+
         Total |  13028 |  12743 |    285 |   3866 |   6139 |  11 | 1184.4 |
       Dungeon |  12403 |  12118 |    285 |   3566 |   6097 |   9 | 1378.1 |
        Temple |      1 |      1 |      0 |      0 |      0 |   1 |    1.0 |
         Sewer |    622 |    622 |      0 |    300 |     42 |   1 |  622.0 |
               +--------+--------+--------+--------+--------+-----+--------+

Top non-repeatable levels by time:
     D:8: 2165 daAuts
     D:7: 2080 daAuts
     D:9: 1754 daAuts
     D:5: 1568 daAuts
     D:6: 1274 daAuts
     D:4: 1212 daAuts
     D:1: 1114 daAuts
     D:2: 775 daAuts
   Sewer: 622 daAuts
     D:3: 458 daAuts
  Temple: 1 daAuts

Table legend:
 A = Non-vault XP
 B = Vault XP
 C = Vault XP percentage of total XP
 D = Non-vault monster count
 E = Vault monster count
 F = Vault count percentage of total count
                 A         B        C        D         E       F
            +---------+---------+-------+---------+---------+-------
      Total |    5263 |     813 |  13.4 |     165 |      59 |  26.3
            +---------+---------+-------+---------+---------+-------
        D:1 |      41 |       0 |   0.0 |      23 |       0 |   0.0
        D:2 |      33 |       0 |   0.0 |      14 |       0 |   0.0
        D:3 |      39 |      18 |  31.6 |      15 |       3 |  16.7
        D:4 |     495 |       4 |   0.8 |      20 |       2 |   9.1
        D:5 |     609 |      79 |  11.5 |      18 |       5 |  21.7
        D:6 |     618 |       0 |   0.0 |      21 |       0 |   0.0
        D:7 |    1070 |       0 |   0.0 |      18 |       0 |   0.0
        D:8 |    1017 |     286 |  21.9 |      18 |       1 |   5.3
        D:9 |    1341 |     112 |   7.7 |      18 |       1 |   5.3
      Sewer |       0 |     314 | 100.0 |       0 |      47 | 100.0
            +---------+---------+-------+---------+---------+-------
